| TOP OF THE 1ST |
|
Canton Indians batting - Pitching for New Jersey Devils : RHP Mark Paddock
|
|
Pitching: RHP Mark Paddock
|
|
|
Batting: RHB George Wagner
|
0-0: Bunted foul 0-1: Ball 1-1: Ball 2-1: SINGLE (Groundball, 15S, EV 65.6 MPH) (infield hit)
|
|
Batting: RHB Tacito Carreiro
|
0-0: Ball George Wagner steals 2nd base 1-0: SINGLE (Groundball, 4M, EV 103.1 MPH) (infield hit) George Wagner to third
|
|
Batting: RHB Josh Patterson
|
0-0: Ball 1-0: Ball 2-0: Ball 3-0: Called Strike 3-1: Called Strike 3-2: Ground out 6-3 (Groundball, 6S, EV 71.2 MPH) George Wagner scores Tacito Carreiro to second
|
|
Batting: RHB Aaron Stout
|
0-0: Ball 1-0: Called Strike 1-1: Foul Ball, location: 2F 1-2: Ball 2-2: Ball 3-2: Foul Ball, location: 2F 3-2: Base on Balls
|
|
Batting: RHB Leo Villa
|
0-0: Swinging Strike 0-1: 3-RUN HOME RUN (Flyball, 7D, EV 99.4 MPH), Distance : 406 ft
|
|
Batting: RHB Gary Ming
|
0-0: Ball 1-0: Fly out, F9 (Flyball, 89S, EV 87.5 MPH)
|
|
Batting: RHB Juan Ordonez
|
0-0: Ball 1-0: Called Strike 1-1: Swinging Strike 1-2: Ball 2-2: Strikes out swinging, 2-3 out at first.
|
| Top of the 1st over - 4 runs, 3 hits, 0 errors, 0 left on base; Canton 4 - New Jersey 0 |
| BOTTOM OF THE 1ST |
|
New Jersey Devils batting - Pitching for Canton Indians : LHP Tony Flores
|
|
Pitching: LHP Tony Flores
|
|
|
Batting: RHB Sam Callahan
|
0-0: Ball 1-0: Ball 2-0: Ball 3-0: Called Strike 3-1: Foul Ball, location: 2F 3-2: Strikes out swinging
|
|
Batting: RHB Bill Crogan
|
0-0: Called Strike 0-1: Swinging Strike 0-2: Foul Ball, location: 2F 0-2: Ball 1-2: Ball 2-2: Ball 3-2: Strikes out swinging, 2-3 out at first.
|
|
Batting: RHB Nate Henderson
|
0-0: Called Strike 0-1: SINGLE (Groundball, 4MD, EV 97.5 MPH)
|
|
Batting: RHB Eric Zylstra
|
0-0: Called Strike 0-1: 2-RUN HOME RUN (Flyball, 8LXD, EV 108.1 MPH), Distance : 422 ft
|
|
Batting: RHB Juan Medina
|
0-0: Ball 1-0: Called Strike 1-1: Swinging Strike 1-2: Strikes out swinging
|
| Bottom of the 1st over - 2 runs, 2 hits, 0 errors, 0 left on base; Canton 4 - New Jersey 2 |
| TOP OF THE 2ND |
|
Canton Indians batting - Pitching for New Jersey Devils : RHP Mark Paddock
|
|
Batting: RHB Cruz Castro
|
0-0: Called Strike 0-1: Swinging Strike 0-2: Ball 1-2: Strikes out looking
|
|
Batting: RHB Jose Argueta
|
0-0: Called Strike 0-1: Ball 1-1: Ball 2-1: Swinging Strike 2-2: Strikes out swinging
|
|
Batting: RHB George Wagner
|
0-0: Called Strike 0-1: Ball 1-1: Ball 2-1: Ball 3-1: Swinging Strike 3-2: Fly out, F1 (Line Drive, P, EV 64.4 MPH)
|
| Top of the 2nd over - 0 runs, 0 hits, 0 errors, 0 left on base; Canton 4 - New Jersey 2 |
| BOTTOM OF THE 2ND |
|
New Jersey Devils batting - Pitching for Canton Indians : LHP Tony Flores
|
|
Batting: LHB Brad Guffin
|
0-0: Called Strike 0-1: SOLO HOME RUN (Flyball, 9D, EV 97.5 MPH), Distance : 374 ft
|
|
Batting: RHB Dan Mathews
|
0-0: Swinging Strike 0-1: Ball 1-1: Ball 2-1: Swinging Strike 2-2: Foul Ball, location: 2F 2-2: Strikes out swinging
|
|
Batting: RHB Jeremy Delka
|
0-0: Foul Ball, location: 2F 0-1: Foul Ball, location: 2F 0-2: Ball 1-2: Ball 2-2: Strikes out swinging, 2-3 out at first.
|
|
Batting: RHB Justin Williams
|
0-0: Ground out 4-3 (Groundball, 4, EV 105.0 MPH)
|
| Bottom of the 2nd over - 1 run, 1 hit, 0 errors, 0 left on base; Canton 4 - New Jersey 3 |
| TOP OF THE 3RD |
|
Canton Indians batting - Pitching for New Jersey Devils : RHP Mark Paddock
|
|
Batting: RHB Tacito Carreiro
|
0-0: Ground out 3-1 (Groundball, 34S, EV 85.0 MPH)
|
|
Batting: RHB Josh Patterson
|
0-0: Ground out 1-3 (Groundball, 15S, EV 66.2 MPH)
|
|
Batting: RHB Aaron Stout
|
0-0: Ball 1-0: Swinging Strike 1-1: Called Strike 1-2: Strikes out swinging
|
| Top of the 3rd over - 0 runs, 0 hits, 0 errors, 0 left on base; Canton 4 - New Jersey 3 |
| BOTTOM OF THE 3RD |
|
New Jersey Devils batting - Pitching for Canton Indians : LHP Tony Flores
|
|
Batting: RHB Sam Callahan
|
0-0: Ball 1-0: Called Strike 1-1: Ball 2-1: Called Strike 2-2: Foul Ball, location: 2F 2-2: Ball 3-2: Base on Balls
|
|
Batting: RHB Bill Crogan
|
0-0: Ball 1-0: Foul Ball, location: 2F 1-1: Foul Ball, location: 2F 1-2: Strikes out looking
|
|
Batting: RHB Nate Henderson
|
0-0: Ball 1-0: Grounds into double play, 5-4-3 (Groundball, 56, EV 88.1 MPH)
|
| Bottom of the 3rd over - 0 runs, 0 hits, 0 errors, 0 left on base; Canton 4 - New Jersey 3 |
| TOP OF THE 4TH |
|
Canton Indians batting - Pitching for New Jersey Devils : RHP Mark Paddock
|
|
Batting: RHB Leo Villa
|
0-0: Ground out 5-3 (Groundball, 56S, EV 85.6 MPH)
|
|
Batting: RHB Gary Ming
|
0-0: Called Strike 0-1: Ball 1-1: Swinging Strike 1-2: Strikes out swinging
|
|
Batting: RHB Juan Ordonez
|
0-0: Ball 1-0: Ball 2-0: Called Strike 2-1: Foul Ball, location: 2F 2-2: Ball 3-2: Strikes out looking
|
| Top of the 4th over - 0 runs, 0 hits, 0 errors, 0 left on base; Canton 4 - New Jersey 3 |
| BOTTOM OF THE 4TH |
|
New Jersey Devils batting - Pitching for Canton Indians : LHP Tony Flores
|
|
Batting: RHB Eric Zylstra
|
0-0: Called Strike 0-1: Foul Ball, location: 2F 0-2: Foul Ball, location: 2F 0-2: Fly out, F7 (Flyball, 7, EV 86.2 MPH)
|
|
Batting: RHB Juan Medina
|
0-0: Ball 1-0: Swinging Strike 1-1: Ground out 1-3 (Groundball, P, EV 64.4 MPH)
|
|
Batting: LHB Brad Guffin
|
0-0: Swinging Strike 0-1: Ball 1-1: Swinging Strike 1-2: Strikes out swinging
|
| Bottom of the 4th over - 0 runs, 0 hits, 0 errors, 0 left on base; Canton 4 - New Jersey 3 |
| TOP OF THE 5TH |
|
Canton Indians batting - Pitching for New Jersey Devils : RHP Mark Paddock
|
|
Batting: RHB Cruz Castro
|
0-0: Ball 1-0: Swinging Strike 1-1: Foul Ball, location: 2F 1-2: Ball 2-2: Strikes out swinging
|
|
Batting: RHB Jose Argueta
|
0-0: Foul Ball, location: 2F 0-1: Ball 1-1: Reached on error, E6 (Groundball, 6S, EV 70.0 MPH)
|
|
Batting: RHB George Wagner
|
0-0: Called Strike 0-1: Ball 1-1: Ball 2-1: 2-RUN HOME RUN (Flyball, 89XD, EV 104.4 MPH), Distance : 401 ft
|
|
Batting: RHB Tacito Carreiro
|
0-0: Called Strike 0-1: Called Strike 0-2: Ball 1-2: Fly out, F8 (Flyball, 8LD, EV 106.2 MPH)
|
|
Batting: RHB Josh Patterson
|
0-0: Ball 1-0: Called Strike 1-1: Ball 2-1: Ball 3-1: Called Strike 3-2: Base on Balls
|
|
Batting: RHB Aaron Stout
|
0-0: Called Strike 0-1: Ball 1-1: Ball 2-1: Called Strike 2-2: Strikes out looking
|
| Top of the 5th over - 2 runs, 1 hit, 1 error, 1 left on base; Canton 6 - New Jersey 3 |
| BOTTOM OF THE 5TH |
|
New Jersey Devils batting - Pitching for Canton Indians : LHP Tony Flores
|
|
Batting: RHB Dan Mathews
|
0-0: Ground out 4-3 (Groundball, 4, EV 82.5 MPH)
|
|
Batting: RHB Jeremy Delka
|
0-0: Ball 1-0: Foul Ball, location: 2F 1-1: Ball 2-1: Swinging Strike 2-2: Strikes out swinging
|
|
Batting: RHB Justin Williams
|
0-0: Fly out, F8 (Flyball, 8LM, EV 88.8 MPH)
|
| Bottom of the 5th over - 0 runs, 0 hits, 0 errors, 0 left on base; Canton 6 - New Jersey 3 |
| TOP OF THE 6TH |
|
Canton Indians batting - Pitching for New Jersey Devils : RHP Mark Paddock
|
|
Batting: RHB Leo Villa
|
0-0: Called Strike 0-1: Foul Ball, location: 2F 0-2: Strikes out swinging
|
|
Batting: RHB Gary Ming
|
0-0: Ball 1-0: Called Strike 1-1: Called Strike 1-2: Ball 2-2: Foul Ball, location: 2F 2-2: Strikes out looking
|
|
Batting: RHB Juan Ordonez
|
0-0: Ball 1-0: Called Strike 1-1: Foul Ball, location: 2F 1-2: Strikes out looking
|
| Top of the 6th over - 0 runs, 0 hits, 0 errors, 0 left on base; Canton 6 - New Jersey 3 |
| BOTTOM OF THE 6TH |
|
New Jersey Devils batting - Pitching for Canton Indians : LHP Tony Flores
|
|
Batting: RHB Sam Callahan
|
0-0: Ball 1-0: Called Strike 1-1: Ball 2-1: Called Strike 2-2: Foul Ball, location: 2F 2-2: Strikes out swinging
|
|
Pitching: RHP Jesus Montana
|
|
|
Batting: RHB Bill Crogan
|
0-0: Ball 1-0: Called Strike 1-1: Ball 2-1: Ball 3-1: Base on Balls
|
|
Batting: RHB Nate Henderson
|
0-0: Ball 1-0: Called Strike 1-1: Foul Ball, location: 2F 1-2: Foul Ball, location: 2F 1-2: Ball 2-2: Strikes out swinging
|
|
Batting: RHB Eric Zylstra
|
0-0: Ground out 4-3 (Groundball, 4, EV 111.2 MPH)
|
| Bottom of the 6th over - 0 runs, 0 hits, 0 errors, 1 left on base; Canton 6 - New Jersey 3 |
| TOP OF THE 7TH |
|
Canton Indians batting - Pitching for New Jersey Devils : RHP Mark Paddock
|
|
Pitching: LHP Antonio Davila
|
|
|
Batting: RHB Cruz Castro
|
0-0: Ground out 5-3 (Groundball, 5, EV 91.9 MPH)
|
|
Batting: RHB Jose Argueta
|
0-0: Swinging Strike 0-1: Called Strike 0-2: Ball 1-2: Ball 2-2: Strikes out looking
|
|
Batting: RHB George Wagner
|
0-0: Ball 1-0: SOLO HOME RUN (Flyball, 7D, EV 100.0 MPH), Distance : 378 ft
|
|
Batting: RHB Tacito Carreiro
|
0-0: Ball 1-0: Ground out 4-3 (Groundball, 4, EV 98.1 MPH)
|
| Top of the 7th over - 1 run, 1 hit, 0 errors, 0 left on base; Canton 7 - New Jersey 3 |
| BOTTOM OF THE 7TH |
|
New Jersey Devils batting - Pitching for Canton Indians : RHP Jesus Montana
|
|
Batting: RHB Juan Medina
|
0-0: Swinging Strike 0-1: Ball 1-1: Fly out, F3 (Popup, 34, EV 83.1 MPH)
|
|
Batting: LHB Brad Guffin
|
0-0: Ball 1-0: Called Strike 1-1: Swinging Strike 1-2: Ball 2-2: Ball 3-2: Foul Ball, location: 2F 3-2: Strikes out swinging
|
|
Batting: RHB Dan Mathews
|
0-0: Ground out 5-3 (Groundball, 56S, EV 85.6 MPH)
|
| Bottom of the 7th over - 0 runs, 0 hits, 0 errors, 0 left on base; Canton 7 - New Jersey 3 |
| TOP OF THE 8TH |
|
Canton Indians batting - Pitching for New Jersey Devils : LHP Antonio Davila
|
|
Batting: RHB Josh Patterson
|
0-0: SINGLE (Line Drive, 8LS, EV 96.9 MPH)
|
|
Batting: RHB Aaron Stout
|
0-0: Grounds into double play, 5-4-3 (Groundball, 5S, EV 85.6 MPH)
|
|
Batting: RHB Leo Villa
|
0-0: SINGLE (Line Drive, 8RS, EV 99.4 MPH)
|
|
Batting: RHB Gary Ming
|
0-0: Called Strike 0-1: Ball 1-1: Fly out, F8 (Line Drive, 8LD, EV 93.8 MPH)
|
| Top of the 8th over - 0 runs, 2 hits, 0 errors, 1 left on base; Canton 7 - New Jersey 3 |
| BOTTOM OF THE 8TH |
|
New Jersey Devils batting - Pitching for Canton Indians : RHP Jesus Montana
|
|
Batting: RHB Jeremy Delka
|
0-0: Ball 1-0: Fly out, F4 (Line Drive, 4MD, EV 73.1 MPH)
|
|
Batting: RHB Justin Williams
|
0-0: Called Strike 0-1: Ground out 5-3 (Groundball, 56S, EV 69.4 MPH)
|
|
Batting: RHB Sam Callahan
|
0-0: Ball 1-0: Called Strike 1-1: Ball 2-1: Ground out 5-3 (Groundball, 25, EV 87.5 MPH)
|
| Bottom of the 8th over - 0 runs, 0 hits, 0 errors, 0 left on base; Canton 7 - New Jersey 3 |
| TOP OF THE 9TH |
|
Canton Indians batting - Pitching for New Jersey Devils : LHP Antonio Davila
|
|
Pitching: RHP Emanuel Anochondo
|
|
|
Batting: RHB Juan Ordonez
|
0-0: Ball 1-0: Ball 2-0: Called Strike 2-1: Swinging Strike 2-2: Strikes out looking
|
|
Batting: RHB Cruz Castro
|
0-0: Ball 1-0: Ball 2-0: Ball 3-0: Called Strike 3-1: Swinging Strike 3-2: Strikes out swinging
|
|
Batting: RHB Jose Argueta
|
0-0: Ball 1-0: Called Strike 1-1: Called Strike 1-2: Strikes out swinging
|
| Top of the 9th over - 0 runs, 0 hits, 0 errors, 0 left on base; Canton 7 - New Jersey 3 |
| BOTTOM OF THE 9TH |
|
New Jersey Devils batting - Pitching for Canton Indians : RHP Jesus Montana
|
|
Batting: RHB Bill Crogan
|
0-0: Foul Ball, location: 2F 0-1: Fly out, F8 (Flyball, 89S, EV 83.1 MPH)
|
|
Batting: RHB Nate Henderson
|
0-0: Ball 1-0: Ball 2-0: Swinging Strike 2-1: Foul Ball, location: 2F 2-2: Strikes out swinging
|
|
Batting: RHB Eric Zylstra
|
0-0: Ball 1-0: Ground out 5-3 (Groundball, 15, EV 81.9 MPH)
|
| Bottom of the 9th over - 0 runs, 0 hits, 0 errors, 0 left on base; Canton 7 - New Jersey 3 |
|